 Dungeon Crawl Stone Soup version 0.31-a0-187-gba352fbbf7 (webtiles) character file.

Game seed: 5085538211919069510

184 frimble the Cutter (level 5, -6/34 HPs)
             Began as an Octopode Warper on June 22, 2023.
             Mangled by Sigmund
             ... wielding a +0 scythe of freezing
              (8 damage)
             ... on level 3 of the Dungeon.
             The game lasted 00:02:45 (2132 turns).

frimble the Cutter (Octopode Warper)                Turns: 2132, Time: 00:02:46

Health: -6/34      AC:  1    Str: 10    XL:     5   Next: 63%
Magic:  8/8        EV: 14    Int: 15    God:
Gold:   112        SH:  0    Dex: 14    Spells: 6/8 levels left

rFire   . . .        j - +0 rapier
rCold   . . .        (no shield)
rNeg    . . .        (helmet restricted)
rPois   .            (no amulet)
rElec   .            (no ring)
rCorr   .            (no ring)
SInv    .            (no ring)
Will    +....        (no ring)
Stlth   ++           (no ring)
HPRegen 0.25/turn    (no ring)
MPRegen 0.11/turn    (no ring)
                     (no ring)

%: no passive effects
@: enlightened, flying, hasted, very quick
A: almost no armour, amphibious, 8 rings, camouflage 1, gelatinous body 1,
(nimble swimmer 1), tentacles
a: no special abilities


You were on level 3 of the Dungeon.
You visited 1 branch of the dungeon, and saw 4 of its levels.

You collected 112 gold pieces.

Inventory:

Hand Weapons
 a - a +0 short sword
 j - a +0 rapier (weapon)
Missiles
 c - 7 boomerangs of dispersal (quivered)
 i - 6 boomerangs
Jewellery
 k - a ring of fire
Scrolls
 b - a scroll of blinking
 d - a scroll of teleportation {unknown}
 h - a scroll of amnesia {unknown}
 m - 3 scrolls of silence {unknown}
Potions
 l - a potion of degeneration {unknown}
 o - 2 potions of heal wounds
 p - a potion of might {unknown}


   Skills:
 - Level 2.0 Fighting
 + Level 4.6 Short Blades
 - Level 1.0 Throwing
 + Level 3.9 Dodging
 - Level 0.6 Unarmed Combat
 - Level 2.0 Spellcasting
 - Level 3.0 Translocations


You had 6 spell levels left.
You knew the following spells:

 Your Spells              Type           Power      Damage    Failure   Level
a - Blink                 Tloc           20%        N/A       10%         2

Your spell library contained the following spells:

 Spells                   Type           Power      Damage    Failure   Level
 Lesser Beckoning         Tloc           20%        N/A       10%         2
 Teleport Other           Tloc           10%        N/A       19%         3
 Vhi's Electric Charge    Tloc/Air       12%        N/A       34%         3
 Manifold Assault         Tloc           10%        N/A       54%         4


Dungeon Overview and Level Annotations

Branches:
Dungeon (4/15)
 Temple: D:4-7

Altars:

Shops:
D:3 [

Annotations:
D:3 exclusion: black bear, Sigmund


Innate Abilities, Weirdness & Mutations

You cannot wear most types of armour.
You are amphibious.
You can wear up to eight rings at the same time.
Your skin changes colour to match your surroundings (Stealth+).
Your rubbery body absorbs attacks. (AC +1, EV +1)
((You are camouflaged when in or above water. (Stealth+)))
You have tentacles for arms and can constrict up to eight enemies at once.


Message History

Aiming: Polymorph
Press: ? - help, Shift-Dir - straight line Nothing appears to happen.
Aiming: Polymorph
Press: ? - help, Shift-Dir - straight line Nothing appears to happen.
Something hits you! Something freezes you.
* * * LOW HITPOINT WARNING * * *
Aiming: Polymorph
Press: ? - help, Shift-Dir - straight line Nothing appears to happen.
Aiming: Polymorph
Press: ? - help, Shift-Dir - straight line Nothing appears to happen.
The now-empty wand crumbles to dust.
Something barely misses you.
No previous command to re-do.
You feel much better. Something hits you. Something freezes you.
You aren't carrying any items that you can evoke.
Okay, then.
Unknown command.
Casting: Blink (safe; 10% risk of failure)
Confirm with . or Enter, or press ? or * to list all spells.
Okay, then.
Okay, then.
It was a potion of enlightenment.
You feel very buoyant.
You fly up into the air.
It was a potion of curing.
You feel better. Something hits you! Something freezes you.
It was a potion of haste.
You feel yourself speed up. Something hits you. Something freezes you.
Things that are here:
a +0 dagger; a kobold corpse You hit something.
Something hits you!
* * * LOW HITPOINT WARNING * * *
Something freezes you.
* * * LOW HITPOINT WARNING * * *
You hit something but do no damage. You hit something but do no damage.
Your squeeze misses something. Something hits you!
You die...

##### #.#.# #.# # #†#.#
#.# # #.#.# #.# # #.#.#
#.# ########.# #.#
##.......# #####
###.#### ##.#######
....## #......# ## ##.#
#.####..####.#.##.#####.
##.###
#.....{@...............[
.....#
#..#####+#######'####...
##.#.# ##.....###.#
##.#.# ##.....####.#
...#.# #.#
##..†..###.#.# ##.#.#
#.# ##.....###..#..
#.#.#### #.+
#.....###...'.# ..#....#
#.# #####+####....#..
#.####.# #.#
##.#)....#..†..#..


There were no monsters in sight!

Vanquished Creatures
  Natasha (thrice) (D:2)
  4 adders
  2 worms (D:2)
  An orc (D:3)
  5 bats
  7 endoplasms
  2 giant cockroaches
  6 goblins
  2 hobgoblins
  11 jackals
  2 quokkas
  5 ball pythons
  4 frilled lizards
  6 kobolds
  3 rats
63 creatures vanquished.

Notes
Turn   | Place    | Note
-------+----------+-------------------------------------------
     0 | D:1      | frimble the Octopode Warper began the quest for the Orb.
     0 | D:1      | Reached XP level 1. HP: 14/14 MP: 3/3
    88 | D:1      | Reached XP level 2. HP: 16/19 MP: 5/5
   359 | D:1      | Reached skill level 3 in Short Blades
   371 | D:1      | Reached XP level 3. HP: 15/24 MP: 6/6
   889 | D:2      | You fall into a shaft and drop 2 floors!
  1054 | D:3      | Found a faded altar of an unknown god.
  1094 | D:3      | Reached XP level 4. HP: 29/29 MP: 7/7
  1102 | D:3      | Found Veulenir's Armour Shoppe.
  1109 | D:3      | Learned a level 2 spell: Blink
  1487 | D:2      | Noticed Natasha
  1491 | D:2      | Killed Natasha
  1492 | D:2      | Reached skill level 4 in Short Blades
  1524 | D:2      | Noticed Natasha
  1591 | D:2      | Killed Natasha
  1592 | D:2      | Reached XP level 5. HP: 20/34 MP: 8/8
  1760 | D:2      | Noticed Natasha
  1767 | D:2      | Killed Natasha
  1885 | D:3      | Noticed a black bear
  2116 | D:3      | Noticed Sigmund
  2132 | D:3      | Mangled by Sigmund

Illustrated notes

Levels and vault maps discovered:
D:1:      dpeg_arrival_boxorama, layout_rooms
D:2:      layout_loops_ring, uniq_natasha
D:3:      layout_loops_ring, dreamdust_ecumenical_altar_grove, serial_shops,
          shop, minmay_quadrilaterals, uniq_sigmund
D:4:      layout_rooms, gammafunk_ghost_necromancy, nicolae_half_adder,
          uniq_pikel, uniq_menkaure

Skill      XL: |  1  2  3  4 |
---------------+-------------+-----
Short Blades   | 3 4 |  4.6
Dodging        | 3 |  3.9
Fighting       | |  2.0
Throwing       | |  1.0
Unarmed Combat | |  0.6
Spellcasting   | |  2.0
Translocations | |  3.0

Action                     |  1- 3 |  4- 6 || total
---------------------------+-------+-------++-------
  Melee: Short sword       |    67 |       ||    67
         Tentacles         |    21 |     6 ||    27
         Constrict         |    27 |     9 ||    36
         Punch             |     1 |       ||     1
         Rapier            |    17 |    51 ||    68
         Unarmed           |       |     2 ||     2
   Cast: Blink             |       |     2 ||     2
  Evoke: Wand              |       |     5 ||     5
    Use: Potion            |       |     4 ||     4
   Stab: Sleeping          |     5 |     8 ||    13
 Armour: Skin              |    10 |     2 ||    12
  Dodge: Dodged            |    63 |    26 ||    89

Table legend: (Time is in decaauts)
 A = Elapsed time spent in this place.
 B = Non-inter-level travel time spent in this place.
 C = Inter-level travel time spent in this place.
 D = Time resting spent in this place.
 E = Time spent auto-exploring this place.
 F = Levels seen in this place.
 G = Mean time per level.
                   A        B        C        D        E       F      G
               +--------+--------+--------+--------+--------+-----+--------+
         Total |   2119 |   2046 |     73 |      0 |   1581 |   4 |  529.8 |
       Dungeon |   2119 |   2046 |     73 |      0 |   1581 |   4 |  529.8 |
               +--------+--------+--------+--------+--------+-----+--------+

Top non-repeatable levels by time:
     D:2: 954 daAuts
     D:1: 613 daAuts
     D:3: 528 daAuts
     D:4: 23 daAuts
